 Dungeon Crawl Stone Soup version 0.24-a0-652-g46ecf6da75 (webtiles) character file.

Game seed: 187896151532580295, levelgen mode: deterministic

320 Lentor the Shield-Bearer (level 6, -2/38 HPs)
             Began as a Gargoyle Fighter on Sept 26, 2019.
             Slain by Blork the orc
             ... wielding a +0 scimitar of protection
              (5 damage)
             ... on level 4 of the Dungeon.
             The game lasted 00:06:25 (3135 turns).

Lentor the Shield-Bearer (Gargoyle Fighter)         Turns: 3135, Time: 00:06:26

Health: -2/38      AC: 11    Str: 20    XL:     6   Next: 46%
Magic:  6/6        EV:  8    Int:  9    God:
Gold:   157        SH:  9    Dex: 10    Spells: 5/5 levels left

rFire    . . .     SeeInvis .   a - +0 flail
rCold    . . .     Gourm    .   c - +0 shield
rNeg     + . .     Faith    .   b - +0 scale mail
rPois    ∞         Spirit   .   (no helmet)
rElec    +         Reflect  .   (no cloak)
rCorr    .         Harm     .   (no gloves)
MR       .....                  (no boots)
Stlth    ..........             (no amulet)
HPRegen  0.12/turn              (no ring)
MPRegen  0.10/turn              (no ring)

@: no status effects
A: negative energy resistance 1, electricity resistance, unbreathing,
petrification resistance, rot immunity, AC +4
a: no special abilities


You were on level 4 of the Dungeon.
You were not hungry.

You visited 1 branch of the dungeon, and saw 4 of its levels.

You collected 157 gold pieces.

Inventory:

Hand Weapons
 a - a +0 flail (weapon)
Missiles
 j - 123 stones (quivered)
Armour
 b - a +0 scale mail (worn)
 c - a +0 shield (worn)
Wands
 r - a wand of iceblast (13)
Scrolls
 g - 2 scrolls of teleportation {unknown}
 o - a scroll of amnesia {unknown}
 p - a scroll of enchant armour {unknown}
 q - a scroll of remove curse {unknown}
 s - 3 scrolls of identify {unknown}
Potions
 d - 2 potions of might
 e - 4 potions of curing {unknown}
 h - a potion of brilliance {unknown}
 i - a potion of cancellation {unknown}
 k - a potion of invisibility {unknown}
 l - a potion of haste
 m - a potion of resistance {unknown}
 n - a potion of lignification {unknown}
 t - 2 potions of agility {unknown}
 u - a potion of flight {unknown}
 v - a potion of berserk rage {unknown}
 w - a potion of ambrosia {unknown}
Comestibles
 f - 5 rations


   Skills:
 + Level 4.2 Fighting
 + Level 3.8 Maces & Flails
 + Level 4.0 Armour
 + Level 1.6 Dodging
 + Level 5.1 Shields


You had 5 spell levels left.
You didn't know any spells.
Your spell library was empty.

Dungeon Overview and Level Annotations

Branches:
Dungeon (4/15)
 Temple: D:4-7

Altars:
Dithmenos
Uskayaw

Annotations:
D:4 Blork the orc


Innate Abilities, Weirdness & Mutations

You are resistant to torment.
Your stone body is resilient. (AC +4)
You are immune to poison.
You resist negative energy. (rN+)
You are resistant to electric shocks. (rElec)
You can survive without breathing.
You are immune to petrification.
You are immune to rotting.


Message History

You sock the quokka!
You kill the quokka!
You block something's attack.
You hit something.
You hear some strange, mumbled words.
A puff of flame appears from out of thin air!
The puff of flame hits you.
* * * LOW HITPOINT WARNING * * *
Something hits you.
* * * LOW HITPOINT WARNING * * *
You closely miss something. Something hits you but does no damage.
You miss something.
Something hits you but does no damage. x2
You barely miss something.
You hear some strange, mumbled words.
A magic dart appears from out of thin air!
The magic dart hits you.
* * * LOW HITPOINT WARNING * * *
Something hits you but does no damage.
You hit something but do no damage. Something hits you.
You die...

#.. #.#####. ######
#.....#.#
#.#.#.##.....#.#
.#.#†#.#.....#.###
#.#.#.#.>....#...
.#.#.#.#....)#..# # .
#.#.#.####...#..## .#..#
.#.#.#.# #.#.#..@##..(..#
#.#.#.####.#....{%.......
.#.#.#.....#)..##........
#.#.#.#.)..#..####..._...
.#.#.#'....#... .......
#.#.#.#....#.... .......
.#.#.#.......... #.....#
#.#.#.##+#.####.# ..#..#
.#.#.#.# #.# .# .###..


There were no monsters in sight!

Vanquished Creatures
  Ijyb (D:4)
  4 orc wizards
  2 worker ants (D:4)
  3 gnolls (D:4)
  4 adders
  An ooze (D:4)
  An adder skeleton (D:3)
  A worm (D:2)
  3 dart slugs
  3 leopard geckos
  8 orcs
  2 giant cockroaches (D:2)
  3 goblins (D:2)
  2 hobgoblins
  7 jackals (D:2)
  3 kobolds
  2 quokkas
  A ball python (D:2)
  6 bats
  5 frilled lizards
  4 rats
66 creatures vanquished.

Notes
Turn   | Place    | Note
-------+----------+-------------------------------------------
     0 | D:1      | Lentor the Gargoyle Fighter began the quest for the Orb.
     0 | D:1      | Reached XP level 1. HP: 14/14 MP: 1/1
   314 | D:1      | Reached XP level 2. HP: 17/19 MP: 2/2
   954 | D:2      | Reached XP level 3. HP: 23/23 MP: 3/3
  1003 | D:2      | Reached skill level 4 in Shields
  1425 | D:2      | Reached XP level 4. HP: 27/28 MP: 4/4
  1772 | D:3      | Reached XP level 5. HP: 4/33 MP: 5/5
  2480 | D:3      | You fall into a shaft and drop 1 floor!
  2570 | D:3      | Found a hide-covered altar of Uskayaw.
  2909 | D:4      | Reached skill level 1 in Dodging
  2909 | D:4      | Reached XP level 6. HP: 30/38 MP: 6/6
  3011 | D:4      | Noticed Ijyb
  3038 | D:4      | Killed Ijyb
  3038 | D:4      | Reached skill level 5 in Shields
  3103 | D:4      | Found a shadowy altar of Dithmenos.
  3106 | D:4      | Noticed Blork the orc
  3135 | D:4      | Slain by Blork the orc

Levels and vault maps discovered:
D:1:      dpeg_arrival_rooms_c, layout_basic
D:2:      layout_loops_corners
D:3:      layout_loops_corners, old_standard_altar, minmay_tree_intersection
D:4:      layout_basic, lemuel_temple_firewalk_b,
          nicolae_dithmenos_shadow_blocks, uniq_ijyb, uniq_blork_the_orc

Skill      XL: |  1  2  3  4  5  6 |
---------------+-------------------+-----
Shields        | 4 5 |  5.1
Maces & Flails | 3 |  3.8
Fighting       | 4 |  4.2
Dodging        | 1 |  1.6
Armour         | 4 |  4.0

Action                   |  1- 3 |  4- 6 || total
-------------------------+-------+-------++-------
Melee: Flail             |   123 |   230 ||   353
  Eat: Chunk             |     2 |     6 ||     8
Armor: Scale mail        |    74 |   122 ||   196
Dodge: Dodged            |    49 |    81 ||   130
Block: Shield            |    65 |   114 ||   179

Table legend:
 A = Non-vault XP
 B = Vault XP
 C = Vault XP percentage of total XP
 D = Non-vault monster count
 E = Vault monster count
 F = Vault count percentage of total count
                 A         B        C        D         E       F
            +---------+---------+-------+---------+---------+-------
      Total |     422 |      36 |   7.9 |      65 |       1 |   1.5
            +---------+---------+-------+---------+---------+-------
        D:1 |      11 |       0 |   0.0 |       6 |       0 |   0.0
        D:2 |      81 |       0 |   0.0 |      27 |       0 |   0.0
        D:3 |     131 |       0 |   0.0 |      17 |       0 |   0.0
        D:4 |     199 |      36 |  15.3 |      15 |       1 |   6.2
            +---------+---------+-------+---------+---------+-------
